[Event "Team 45 45 League T82"]
[Site "Internet Chess Club"]
[Date "2019.10.27"]
[Round "5"]
[White "PolishRyszard"]
[Black "cysk"]
[Result "1/2-1/2"]
[WhiteElo "1828"]
[BlackElo "1792"]
[Opening "Dutch, 2.Bg5 variation"]
[ECO "A80"]
[Time "16:30:36"]
[TimeControl "2700+45"]

1. d4 f5 2. Bg5 h6 3. Bh4 g5 4. e4 Bg7 5. Bg3 f4 6. Bxf4 gxf4 7. Qh5+ Kf8 8. Bc4
e6 9. Nc3 Bxd4 10. O-O-O Bxc3 11. bxc3 Qg5 12. Qf3 Nc6 13. Nh3 Qf6 14. Bb3 e5
15. g3 d6 16. gxf4 Bxh3 17. Qxh3 Qxf4+ 18. Kb2 Ke8 19. Rhg1 Nge7 20. Rg7 Qxe4
21. Qh5+ Kd8 22. Rdg1 Qf5 23. Qh4 Re8 24. Rf7 Qd7 25. Qxh6 Na5 26. Rgg7 Nxb3 27.
Qf6 Nc5 28. Rxe7 Rxe7 29. Rg8+ Qe8 30. Rxe8+ Kxe8 31. Qh8+ Kd7 32. Qxa8 Rh7 33.
Qg8 Rxh2 34. Qg3 Rh7 {Game drawn by mutual agreement} 1/2-1/2

[Event "Team 45 45 League T82"]
[Site "Internet Chess Club"]
[Date "2019.10.28"]
[Round "5"]
[White "fishhead"]
[Black "cadmiumorange"]
[Result "0-1"]
[WhiteElo "1614"]
[BlackElo "1803"]
[Opening "Scandinavian defense"]
[ECO "B01"]
[Time "14:01:10"]
[TimeControl "2700+45"]

1. e4 d5 2. exd5 Nf6 3. d4 Bg4 4. Be2 Bxe2 5. Nxe2 Qxd5 6. O-O Nc6 7. Nbc3 Qh5
8. Ng3 Qxd1 9. Rxd1 O-O-O 10. Be3 e6 11. a3 Nd5 12. Nce4 Nxe3 13. fxe3 h6 14. c3
f5 15. Nf2 g6 16. e4 f4 17. Ne2 g5 18. b4 Be7 19. b5 Na5 20. h4 Nc4 21. Ra2 f3
22. gxf3 Rdf8 23. Rd3 gxh4 24. Nh3 Rhg8+ 25. Kf2 Nd6 26. Nef4 Bg5 27. Nxg5 hxg5
28. Nxe6 Nxe4+ 29. Ke3 Re8 30. fxe4 Rxe6 31. Rh2 Rf6 32. Rd1 Rgf8 33. Rg1 Rf3+
34. Kd2 Rg3 35. Rxg3 hxg3 36. Rh5 Rf2+ 37. Ke1 g4 38. Rg5 Rf4 {White resigns}
0-1

[Event "Team 45 45 League T82"]
[Site "Internet Chess Club"]
[Date "2019.10.27"]
[Round "5"]
[White "carvajales"]
[Black "Goli"]
[Result "0-1"]
[WhiteElo "1644"]
[BlackElo "1691"]
[Opening "English, 1...Nf6 (Anglo-Indian defense)"]
[ECO "A15"]
[Time "15:05:26"]
[TimeControl "2700+45"]

1. c4 Nf6 2. g3 g6 3. Bg2 Bg7 4. Nc3 O-O 5. d3 d6 6. e4 e5 7. Nge2 Nc6 8. O-O a6
9. f4 Bg4 10. h3 Bxe2 11. Nxe2 exf4 12. gxf4 Nh5 13. Qe1 Nd4 14. Nxd4 Bxd4+ 15.
Kh2 Rb8 16. Rb1 b5 17. Be3 Bxe3 18. Qxe3 bxc4 19. dxc4 Qh4 20. b4 f5 21. e5 Rfe8
22. Bd5+ Kg7 23. e6 Nf6 24. Qd4 Kh6 25. a3 c6 26. Bxc6 Rxe6 27. Qd2 Ng4+ 28. Kg2
Ne3+ 29. Kh2 Nxf1+ 30. Rxf1 Qh5 31. Re1 Rxe1 32. Qxe1 g5 33. Qe6+ Qg6 34. fxg5+
Kxg5 35. Qe3+ f4 36. Qe7+ Kh6 37. Qh4+ Kg7 38. Qxf4 Rf8 39. Qd4+ Qf6 40. Qxf6+
Rxf6 41. Bb7 Rf2+ 42. Kg3 Ra2 43. Kg4 Rxa3 44. b5 axb5 45. cxb5 Kf6 46. Bc6 Rb3
47. h4 Rb4+ 48. Kg3 Ke5 49. h5 h6 50. Kh3 Kf5 51. Be8 d5 52. Kg3 Ke4 53. Kg4 d4
54. Bc6+ Ke5 55. Kf3 Rb3+ 56. Ke2 Re3+ 57. Kd2 Kd6 58. Be8 Rxe8 {White resigns}
0-1

[Event "Team 45 45 League T82"]
[Site "Internet Chess Club"]
[Date "2019.10.28"]
[Round "5"]
[White "scostanzo212"]
[Black "mongmong"]
[Result "1-0"]
[WhiteElo "1603"]
[BlackElo "1474"]
[Opening "Nimzo-Indian: Sämisch, O'Kelly variation"]
[ECO "E26"]
[Time "19:03:47"]
[TimeControl "2700+45"]

1. d4 e6 2. c4 Nf6 3. Nc3 Bb4 4. e3 c5 5. a3 Bxc3+ 6. bxc3 b6 7. Nf3 Bb7 8. Bd3
O-O 9. O-O Ne4 10. Qc2 f5 11. Ne1 Nc6 12. f3 Nf6 13. d5 Na5 14. e4 fxe4 15. fxe4
e5 16. Nf3 d6 17. Be3 h6 18. Kh1 Ba6 19. Nd2 Ng4 20. Rxf8+ Qxf8 21. Rf1 Qe7 22.
Rf3 Nxe3 23. Rxe3 Rf8 24. Qd1 Rf6 25. Rf3 Qf7 26. Rxf6 Qxf6 27. Qe2 Qf4 28. Kg1
Kf7 29. Qh5+ g6 30. Qe2 h5 31. Qf2 Qxf2+ 32. Kxf2 Kf6 33. Kg3 g5 34. Be2 h4+ 35.
Kg4 Bc8+ 36. Kh5 Bd7 37. Nf3 h3 38. g4 Nb3 39. Nxg5 Nc1 40. Bf1 Na2 41. Nxh3
Nxc3 42. Nf2 Nb1 43. Kh6 Kf7 44. Kh7 Nxa3 45. g5 Be8 46. g6+ Kf6 47. g7 Bf7 48.
Ng4+ Kg5 49. Nh6 Bg6+ 50. Kh8 Kxh6 51. g8=Q Bxe4 52. Qg7+ Kh5 53. Be2+ {Black
resigns} 1-0

[Event "Team 45 45 League T82"]
[Site "Internet Chess Club"]
[Date "2019.10.26"]
[Round "5"]
[White "MacroPawn"]
[Black "fledermaus"]
[Result "0-1"]
[WhiteElo "1680"]
[BlackElo "1861"]
[Opening "Catalan: closed, main line"]
[ECO "E09"]
[Time "11:11:56"]
[TimeControl "2700+45"]

1. c4 e6 2. Nf3 d5 3. d4 Nf6 4. g3 Bb4+ 5. Nbd2 c6 6. Qb3 Be7 7. Bg2 O-O 8. O-O
Nbd7 9. Qc2 b6 10. Re1 Bb7 11. b3 c5 12. cxd5 Nxd5 13. dxc5 Rc8 14. Ba3 Nxc5 15.
Rad1 Na4 16. Bxe7 Qxe7 17. Nc4 Nac3 18. Ra1 b5 19. Nce5 Nb4 20. Qb2 f6 21. a3
Na6 22. Nd3 e5 23. Rac1 Nd5 24. e4 Nb6 25. Nh4 g6 26. Bh3 Rxc1 27. Qxc1 Rd8 28.
Re3 Bxe4 29. Rxe4 Rxd3 30. Qc6 Nc5 31. Rg4 Rd1+ 32. Bf1 Nxb3 33. Nf5 Qd7 34. Qc2
Na5 35. Ne7+ Kf7 36. Rh4 Kg7 37. Qc3 Nac4 38. Qb4 Nd2 {White forfeits on time}
0-1

[Event "Team 45 45 League T82"]
[Site "Internet Chess Club"]
[Date "2019.10.26"]
[Round "5"]
[White "Grenadier"]
[Black "walkover"]
[Result "0-1"]
[WhiteElo "1642"]
[BlackElo "1744"]
[Opening "Sicilian: closed, 6.Be3"]
[ECO "B26"]
[Time "09:01:50"]
[TimeControl "2700+45"]

1. e4 c5 2. Nc3 Nc6 3. g3 g6 4. Bg2 Bg7 5. d3 d6 6. Be3 e5 7. Qd2 Nge7 8. Bh6
Bxh6 9. Qxh6 Nd4 10. Rc1 Qa5 11. Ne2 Nxe2 12. Kxe2 Bg4+ 13. f3 Be6 14. Rhf1
O-O-O 15. Bh3 Bxh3 16. Qxh3+ Kb8 17. f4 f5 18. fxe5 dxe5 19. Qh4 Nc6 20. exf5
Nd4+ 21. Kf2 gxf5 22. a3 Qb6 23. b3 Qc6 24. Kg1 Nf3+ 25. Rxf3 Qxf3 26. Rf1 Qe3+
27. Kg2 Qd2+ 28. Rf2 Qxc3 29. Rxf5 Qxc2+ 30. Rf2 Qxb3 {White resigns} 0-1

[Event "Team 45 45 League T82"]
[Site "Internet Chess Club"]
[Date "2019.10.27"]
[Round "5"]
[White "nathanpillay"]
[Black "GoIrish"]
[Result "1-0"]
[WhiteElo "1789"]
[BlackElo "1504"]
[Opening "King's Indian: fianchetto, classical variation, 8.e4"]
[ECO "E68"]
[Time "07:04:21"]
[TimeControl "2700+45"]

1. d4 Nf6 2. c4 g6 3. g3 Bg7 4. Bg2 O-O 5. Nc3 d6 6. Nf3 Nbd7 7. O-O e5 8. e4
exd4 9. Nxd4 Re8 10. Re1 a6 11. h3 Rb8 12. Be3 c5 13. Nc2 Ne5 14. b3 b5 15. cxb5
axb5 16. f4 Ned7 17. Qd3 b4 18. Ne2 Bb7 19. Rad1 Bxe4 20. Bxe4 Nxe4 21. Kg2 Qc7
22. Rf1 Qc6 23. Kh2 Re7 24. Bg1 Rbe8 25. Ne3 Re6 26. g4 h6 27. Ng3 Nxg3 28. Kxg3
Bd4 29. Rf3 Nf6 30. Nc4 Ne4+ 31. Kh2 Nc3 32. Rd2 Bxg1+ 33. Kxg1 Ne2+ 34. Kh2 Nd4
35. Rff2 Re1 36. Kg3 Rg1+ 37. Rg2 Rxg2+ 38. Rxg2 Ne2+ 39. Rxe2 Rxe2 40. Qxe2 d5
41. Ne5 Qa8 42. Qc2 Qa7 43. Nd3 c4 44. bxc4 Qg1+ 45. Kh4 Qd4 46. cxd5 g5+ 47.
fxg5 hxg5+ 48. Kxg5 Qxd5+ 49. Kf4 Qd4+ 50. Kf3 Qd5+ 51. Ke2 Qe4+ 52. Kf2 Qd4+
53. Kf1 Qf6+ 54. Nf2 Qa1+ 55. Kg2 Qd4 56. Qb3 Qc5 57. Ne4 Qc6 58. Qxb4 Qc2+ 59.
Kg3 Qxa2 60. Nf6+ Kg7 61. Nh5+ Kg8 62. Qe7 Qb3+ 63. Kh4 Qc3 64. Qe8+ Kh7 65.
Qxf7+ Kh8 66. Qf6+ Qxf6+ 67. Nxf6 {Black resigns} 1-0

[Event "Team 45 45 League T82"]
[Site "Internet Chess Club"]
[Date "2019.10.26"]
[Round "5"]
[White "calsal"]
[Black "ElValero"]
[Result "1/2-1/2"]
[WhiteElo "1862"]
[BlackElo "1778"]
[Opening "French: Réti (Spielmann) variation"]
[ECO "C00"]
[Time "14:04:26"]
[TimeControl "2700+45"]

1. e4 e6 2. b3 d5 3. Bb2 dxe4 4. Nc3 f5 5. d3 exd3 6. Bxd3 Nf6 7. Qe2 Qe7 8. Nf3
Nc6 9. Bb5 Bd7 10. O-O-O O-O-O 11. Rxd7 Rxd7 12. Bxc6 bxc6 13. Ne5 Rd6 14. Qa6+
Kb8 15. Nxc6+ Rxc6 16. Qxc6 Qd6 17. Qb5+ Qb6 18. Re1 Bc5 19. Rxe6 Qxb5 20. Nxb5
Bxf2 21. Bxf6 gxf6 22. Rxf6 Rg8 23. Rxf5 Rxg2 24. Rh5 Bg1 25. h3 h6 26. Na3 Be3+
27. Kd1 Rh2 28. Nc4 Bf4 29. a4 Kc8 30. Rf5 Bg5 31. Rf3 Kb7 32. Na5+ Kb6 33. Nc4+
Kc5 34. Ne3 Kb6 35. Nc4+ Kc5 36. Ne3 Kb6 37. Nc4+ {Game drawn by repetition}
1/2-1/2

[Event "Team 45 45 League T82"]
[Site "Internet Chess Club"]
[Date "2019.10.28"]
[Round "5"]
[White "Portola"]
[Black "Beetlejuice"]
[Result "0-1"]
[WhiteElo "1646"]
[BlackElo "1687"]
[Opening "Dutch, 2.Bg5 variation"]
[ECO "A80"]
[Time "14:01:04"]
[TimeControl "2700+45"]

1. d4 f5 2. Bg5 h6 3. Bh4 g5 4. Bg3 Nf6 5. e3 d6 6. Bc4 e6 7. Nd2 Nc6 8. h3 Bg7
9. Ngf3 Bd7 10. c3 Qe7 11. Qc2 a6 12. a4 O-O 13. O-O Kh8 14. Bd3 Be8 15. b4 a5
16. b5 Nb8 17. Nc4 Nbd7 18. Rab1 b6 19. Rfe1 Bh5 20. Ncd2 Bg6 21. Bh2 Bh5 22.
Bg3 Bf7 23. Kf1 Bh5 24. Ng1 Rae8 25. Ne2 Rd8 26. Kg1 Qf7 27. c4 Ng8 28. Nb3 Ne7
29. c5 e5 30. dxe5 dxe5 31. c6 f4 32. exf4 exf4 33. Bh2 Ne5 34. Be4 Nd5 35. f3
Nb4 36. Qc1 Nbd3 37. Qc2 Nxe1 38. Rxe1 Qc4 39. Qb1 Qxa4 40. Ned4 Rxd4 41. Nxd4
Qxd4+ 42. Kh1 Rd8 43. Bg1 Qb4 44. Rd1 Rd2 45. Qc1 Nc4 46. Rxd2 Nxd2 47. Qc2 Qc3
48. Qa2 Nxe4 49. fxe4 Qa1 50. Qd5 Qe5 51. Qd8+ Kh7 52. Qd7 Be8 53. Qc8 Bg6 54.
Qd7 Bxe4 55. Qg4 Qxb5 56. h4 Qf5 {White resigns} 0-1

[Event "Team 45 45 League T82"]
[Site "Internet Chess Club"]
[Date "2019.10.26"]
[Round "5"]
[White "BrianWood"]
[Black "VictorRed"]
[Result "1-0"]
[WhiteElo "1599"]
[BlackElo "1653"]
[Opening "Réti: King's Indian attack (Barcza system)"]
[ECO "A07"]
[Time "20:02:58"]
[TimeControl "2700+45"]

1. Nf3 d5 2. g3 c6 3. Bg2 Nf6 4. b3 e6 5. Bb2 Nbd7 6. O-O Bc5 7. d4 Bd6 8. c4
O-O 9. Nc3 b6 10. Rc1 Bb7 11. e3 Qe7 12. Nd2 Ba3 13. Bxa3 Qxa3 14. e4 Qe7 15. e5
Ne8 16. f4 g6 17. Re1 Ng7 18. Nf3 Rfd8 19. Qc2 Rac8 20. Qf2 Ba6 21. Nd1 Rc7 22.
cxd5 exd5 23. Ne3 Rdc8 24. Bh3 Bd3 25. Qd2 Be4 26. Ng5 Rd8 27. Nxe4 dxe4 28. d5
Nxe5 29. fxe5 Qxe5 30. Qc3 Qh5 31. Qf6 Re8 32. d6 Rb7 {Black resigns} 1-0

[Event "Team 45 45 League T82"]
[Site "Internet Chess Club"]
[Date "2019.10.23"]
[Round "5"]
[White "andrew37"]
[Black "President"]
[Result "1-0"]
[WhiteElo "1642"]
[BlackElo "1560"]
[Opening "Philidor's defense"]
[ECO "C41"]
[Time "14:01:25"]
[TimeControl "2700+45"]

1. e4 e5 2. Nf3 d6 3. Bc4 Be7 4. d4 Nf6 5. dxe5 Nxe4 6. Qd5 Be6 7. Qxe4 d5 8.
Bb5+ c6 9. Qa4 cxb5 10. Qxb5+ Qd7 11. Qxd7+ Nxd7 12. O-O Bg4 13. Nbd2 Bg5 14.
Nxg5 Nxe5 15. Re1 f6 16. Ngf3 Bxf3 17. Nxf3 Kf7 18. Nxe5+ fxe5 19. Rxe5 Rhe8 20.
Rxe8 Rxe8 21. Be3 Rc8 22. c3 a6 23. Re1 g6 24. Bd4 b5 25. Re5 Rd8 26. f4 Rd7 27.
Kf2 a5 28. a3 b4 29. axb4 axb4 30. cxb4 Rb7 31. Bc5 Rd7 32. Re7+ Rxe7 33. Bxe7
{Black resigns} 1-0

[Event "Team 45 45 League T82"]
[Site "Internet Chess Club"]
[Date "2019.10.27"]
[Round "5"]
[White "Monterrey"]
[Black "Martini999"]
[Result "0-1"]
[WhiteElo "1910"]
[BlackElo "1814"]
[Opening "Nimzo-Indian: classical, Noa variation, 5.cd ed"]
[ECO "E35"]
[Time "16:02:49"]
[TimeControl "2700+45"]

1. d4 e6 2. c4 Nf6 3. Nc3 Bb4 4. Qc2 d5 5. cxd5 exd5 6. Bg5 Qd6 7. e3 Ne4 8. Bf4
Qg6 9. Rc1 Nxc3 10. bxc3 Qxc2 11. Rxc2 Bf5 12. Rc1 Ba3 13. Rd1 c6 14. Bd3 Bxd3
15. Rxd3 Nd7 16. Rd1 a5 17. Rb1 b5 18. Nf3 f6 19. Kd2 Nb6 20. Kd3 Kf7 21. Nd2
Rhe8 22. f3 Na4 23. Rb3 Bf8 24. e4 Rad8 25. Bc7 dxe4+ 26. Nxe4 Rd7 27. Bxa5 f5
28. Ng3 Ra8 {White resigns} 0-1

[Event "Team 45 45 League T82"]
[Site "Internet Chess Club"]
[Date "2019.10.25"]
[Round "5"]
[White "Ajolote"]
[Black "laurenpar"]
[Result "1-0"]
[WhiteElo "1853"]
[BlackElo "1826"]
[Opening "French: Chigorin variation"]
[ECO "C00"]
[Time "22:05:44"]
[TimeControl "2700+45"]

1. e4 e6 2. Qe2 Be7 3. Nf3 d5 4. d3 Nf6 5. g3 b5 6. Bg2 dxe4 7. dxe4 b4 8. Nbd2
Ba6 9. Nc4 Nc6 10. e5 Nd5 11. Qe4 O-O 12. O-O h6 13. Re1 Bc5 14. Bf1 Rb8 15. Bd3
f5 16. exf6 Qxf6 17. Qh7+ Kf7 18. Nce5+ Nxe5 19. Nxe5+ Ke8 20. Qg6+ Qxg6 21.
Bxg6+ Kd8 22. Be3 Bxe3 23. fxe3 Rb6 24. Rad1 Kc8 25. e4 Nf6 26. Rd2 Rd6 27. Red1
Rxd2 28. Rxd2 Bb7 29. Rd4 a5 30. Bf7 Bxe4 31. Bxe6+ Kb7 32. Rxe4 Nxe4 33. Bd5+
c6 34. Bxe4 Kc7 35. Nxc6 Re8 36. Bf3 Kb6 37. Kf2 Re6 38. Nd4 Rf6 39. Ke3 Kc5 40.
Nb3+ Kb6 41. Nd2 Rf8 42. c4 bxc3 43. bxc3 Re8+ 44. Ne4 Re7 45. c4 Kc7 46. c5 Re8
47. Kd4 Rf8 48. Bg2 Rf5 49. Nd6 Rf2 50. Nb5+ Kd8 51. Bb7 Rb2 52. Ba6 Rxa2 53. c6
{Black resigns} 1-0

[Event "Team 45 45 League T82"]
[Site "Internet Chess Club"]
[Date "2019.10.28"]
[Round "5"]
[White "kidcobra"]
[Black "sergerich191"]
[Result "0-1"]
[WhiteElo "1784"]
[BlackElo "1763"]
[Opening "Caro-Kann: Steinitz variation"]
[ECO "B17"]
[Time "18:00:35"]
[TimeControl "2700+45"]

1. e4 c6 2. d4 d5 3. Nc3 dxe4 4. Nxe4 Nd7 5. f4 Ngf6 6. Ng3 e6 7. Nf3 Be7 8. Bd3
Nb6 9. O-O O-O 10. c3 c5 11. h3 Qc7 12. Ne5 Rd8 13. Be3 cxd4 14. cxd4 Nbd5 15.
Qe2 Nxe3 16. Qxe3 Nd5 17. Qe2 Bd7 18. Bxh7+ Kxh7 19. Qh5+ Kg8 20. Qxf7+ Kh7 21.
Nh5 Bf8 22. Rac1 Qd6 23. Qg6+ Kg8 24. Ng4 Kh8 25. Ne5 Kg8 26. Nf7 Be8 27. Nh6+
Kh8 28. Qxe8 Rxe8 29. Nf7+ Kg8 30. Nxd6 Bxd6 31. f5 Ne3 32. Rf3 Nxf5 33. Rd1
Nxd4 34. Rfd3 e5 35. Ng3 Bc5 36. Ne4 Bb6 37. Kh2 Red8 38. h4 Rd7 39. Rf1 Rad8
40. Rg3 Kh8 41. Ng5 Kg8 42. Ne4 Rf7 43. Re1 Nf5 44. Rf3 Nxh4 45. Rxf7 Kxf7 46.
a4 Bd4 47. a5 a6 48. b4 Ng6 49. b5 Rd5 50. bxa6 bxa6 51. g4 Rxa5 52. g5 Nf4 53.
Nd6+ Ke6 54. Ne4 Ra2+ 55. Kh1 a5 56. g6 Nxg6 57. Nc5+ Kf5 58. Ne6 Kxe6 59. Rf1
Ra1 60. Kg2 Rxf1 61. Kh3 a4 62. Kg2 Rg1+ 63. Kf3 a3 64. Ke4 a2 65. Kf3 a1=Q 66.
Ke4 Qe1+ 67. Kd3 Rg3+ 68. Kc4 Rc3+ 69. Kb4 Qb1+ 70. Ka4 Rc2 71. Ka3 Ra2# {White
checkmated} 0-1

[Event "Team 45 45 League T82"]
[Site "Internet Chess Club"]
[Date "2019.10.25"]
[Round "5"]
[White "janh"]
[Black "achessman"]
[Result "1-0"]
[WhiteElo "1868"]
[BlackElo "1855"]
[Opening "Queen's pawn: Chigorin variation"]
[ECO "D00"]
[Time "23:06:05"]
[TimeControl "2700+45"]

1. d4 d5 2. Nc3 Nf6 3. Bf4 c6 4. e3 g6 5. h4 h5 6. Nf3 Bg4 7. Qd2 Bxf3 8. gxf3
b5 9. Be2 Bg7 10. a3 Nbd7 11. e4 e6 12. exd5 exd5 13. Bd6 Nf8 14. Nxb5 cxb5 15.
Bxb5+ N6d7 16. Qe2+ Ne6 17. Rg1 Qxh4 18. Rxg6 Kd8 19. Rg1 Re8 20. O-O-O Rc8 21.
Bxd7 Kxd7 22. Bg3 Qe7 23. Qb5+ Kd8 24. Qxd5+ Qd7 25. Qa5+ Ke7 26. Qxh5 Bf6 27.
d5 Qb7 28. b4 Nd4 29. Rge1+ Kd8 30. Bh4 Qb6 31. d6 Qxd6 32. Bxf6+ Qxf6 33. Qd5+
Kc7 34. Rxe8 Rxe8 35. Qxd4 Qxd4 36. Rxd4 {Black resigns} 1-0

[Event "Team 45 45 League T82"]
[Site "Internet Chess Club"]
[Date "2019.10.26"]
[Round "5"]
[White "ANGELLR"]
[Black "jjmolina"]
[Result "1-0"]
[WhiteElo "1803"]
[BlackElo "1715"]
[Opening "Queen's pawn"]
[ECO "A40"]
[Time "14:25:36"]
[TimeControl "2700+45"]

1. d4 e6 2. Bf4 Nf6 3. e3 d5 4. Nf3 Bd6 5. Nbd2 Bxf4 6. exf4 O-O 7. Bd3 b6 8.
O-O Bb7 9. Re1 c5 10. c3 Nc6 11. Rc1 c4 12. Bb1 b5 13. Ne5 Qc7 14. Re3 Rae8 15.
Qf3 g6 16. Rce1 a6 17. g4 Qd8 18. Qh3 a5 19. Ndf3 Ne7 20. Ng5 b4 21. Qh6 Kh8 22.
Nexf7+ Rxf7 23. Nxf7+ Kg8 24. Nxd8 {Black resigns} 1-0

[Event "Team 45 45 League T82"]
[Site "Internet Chess Club"]
[Date "2019.10.25"]
[Round "5"]
[White "Portola"]
[Black "ARMAND02019"]
[Result "0-1"]
[WhiteElo "1659"]
[BlackElo "1667"]
[Opening "Queen's pawn game, Krause variation"]
[ECO "D02"]
[Time "19:01:14"]
[TimeControl "2700+45"]

1. d4 d5 2. Nf3 c5 3. e3 Nc6 4. c3 e6 5. Nbd2 Nf6 6. Bd3 Bd6 7. O-O O-O 8. Qe2
Re8 9. Bb5 Bd7 10. Bxc6 Bxc6 11. Ne5 Rc8 12. f4 Ne4 13. Rf3 f5 14. Rh3 Nf6 15.
Ndf3 a6 16. Ng5 h6 17. Ngf7 Qe7 18. Bd2 cxd4 19. exd4 Rf8 20. Nxd6 Qxd6 21. Re1
Ne4 22. Bc1 Bb5 23. Qd1 Be8 24. Ree3 b5 25. Qe1 Qc7 26. b3 Qa5 27. a3 Qc7 28.
Bb2 a5 29. Qe2 b4 30. axb4 axb4 31. c4 Ra8 32. Qc2 Ra2 33. c5 Bb5 34. Re1 Rfa8
35. Qb1 Qa5 36. Rhe3 Nc3 37. Qc2 Qa3 38. Bxa3 Rxc2 39. Bxb4 Raa2 40. Rg3 Ne2+
41. Rxe2 Rxe2 42. h3 Ra1+ 43. Kh2 Rc2 44. Rg6 Raa2 45. c6 Bxc6 46. Bc5 Bb5 47.
Nf3 Kf7 48. Ne5+ Kg8 49. Nf3 Bf1 50. Nh4 Kf7 51. Kg1 Be2 52. b4 Bh5 53. Rg3 Ra1+
54. Kh2 Kf6 55. b5 g5 56. fxg5+ hxg5 57. Bd6 gxh4 58. Be5+ Kf7 59. Rg7+ Kf8 60.
b6 Rcc1 61. g4 Rc2# {White checkmated} 0-1

[Event "Team 45 45 League T82"]
[Site "Internet Chess Club"]
[Date "2019.10.26"]
[Round "5"]
[White "ARMAND02019"]
[Black "pokerram"]
[Result "1-0"]
[WhiteElo "1678"]
[BlackElo "1544"]
[Opening "King's Indian: 5.Nf3"]
[ECO "E90"]
[Time "18:01:44"]
[TimeControl "2700+45"]

1. d4 Nf6 2. c4 g6 3. Nc3 Bg7 4. e4 d6 5. Nf3 O-O 6. Bd3 Nc6 7. d5 Nb4 8. Bb1 a5
9. h3 Nd7 10. Be3 Ne5 11. Nxe5 Bxe5 12. f4 Bg7 13. Qd2 e6 14. O-O exd5 15. cxd5
b6 16. Bd3 Nxd3 17. Qxd3 Ba6 18. Nb5 Bxb2 19. Rab1 Bg7 20. Rfc1 Bxb5 21. Qxb5
Qe7 22. Rc4 f5 23. Rbc1 Ra7 24. Re1 Qh4 25. Bf2 Qxf4 26. e5 Qd2 27. e6 Raa8 28.
Rxc7 Bd4 29. Bxd4 Qxd4+ 30. Kh1 Qd2 31. Re2 Qd1+ 32. Kh2 Qd4 33. Qd7 Qf4+ 34. g3
Qh6 35. e7 Rfe8 36. Qxd6 Qg7 37. Qe6+ Qf7 38. Qe5 h5 39. d6 f4 40. gxf4 Qf5 41.
Qxf5 gxf5 42. d7 {Black resigns} 1-0

[Event "Team 45 45 League T82"]
[Site "Internet Chess Club"]
[Date "2019.10.27"]
[Round "5"]
[White "dalmata"]
[Black "olivermx"]
[Result "1-0"]
[WhiteElo "1555"]
[BlackElo "1305"]
[Opening "QGD Slav defense"]
[ECO "D10"]
[Time "09:32:54"]
[TimeControl "2700+45"]

1. d4 d5 2. c4 c6 3. Nc3 Nf6 4. Bg5 e6 5. e3 Be7 6. Nf3 Nbd7 7. Be2 O-O 8. O-O
b6 9. Qc2 Bb7 10. Ne5 Nxe5 11. dxe5 Nd7 12. Bxe7 Qxe7 13. f4 dxc4 14. Bxc4 c5
15. Nb5 f6 16. Nd6 Bc6 17. Bd3 g6 18. Be4 fxe5 19. Bxc6 Qxd6 20. Bxa8 Rxa8 21.
Rad1 Qc7 22. fxe5 Nxe5 23. Qe4 Re8 24. Rd2 Kg7 25. Rdf2 Re7 26. Qa8 h6 27. Qf8+
Kh7 28. Rf6 Rg7 29. Rxe6 Nd7 30. Qf3 Nb8 31. Re8 Nd7 32. Qa8 {Black resigns} 1-0

[Event "Team 45 45 League T82"]
[Site "Internet Chess Club"]
[Date "2019.10.23"]
[Round "5"]
[White "WillC"]
[Black "Constrictor"]
[Result "1-0"]
[WhiteElo "1557"]
[BlackElo "1526"]
[Opening "Dutch"]
[ECO "A87"]
[Time "18:10:34"]
[TimeControl "2700+45"]

1. d4 f5 2. Nf3 Nf6 3. g3 g6 4. Bg2 Bg7 5. O-O O-O 6. c4 d6 7. Nc3 Qe8 8. Bg5 e5
9. dxe5 dxe5 10. Bxf6 Bxf6 11. Nd5 Bd8 12. Qd2 c6 13. Nc3 Rf7 14. Rad1 Bf6 15.
e3 e4 16. Nd4 Na6 17. Nb3 Be6 18. Qe2 Nb4 19. Nc5 b6 20. Nxe6 Qxe6 21. f3 exf3
22. Bxf3 Rd8 23. a3 Bxc3 24. Rxd8+ {Black resigns} 1-0

[Event "Team 45 45 League T82"]
[Site "Internet Chess Club"]
[Date "2019.10.28"]
[Round "5"]
[White "Hal2001"]
[Black "Kingofknights"]
[Result "0-1"]
[WhiteElo "1461"]
[BlackElo "1587"]
[Opening "Caro-Kann: Steinitz variation"]
[ECO "B17"]
[Time "21:31:42"]
[TimeControl "2700+45"]

1. e4 c6 2. d4 d5 3. Nc3 dxe4 4. Nxe4 Nd7 5. Ng5 Ngf6 6. Bd3 e6 7. N1f3 h6 8.
Ne4 Nxe4 9. Bxe4 Nf6 10. Bd3 c5 11. Bb5+ Bd7 12. Qe2 a6 13. Bxd7+ Nxd7 14. d5
Qf6 15. dxe6 Qxe6 16. Qxe6+ fxe6 17. O-O Be7 18. Re1 Kf7 19. Bf4 Bf6 20. Ne5+
Nxe5 21. Bxe5 Rad8 22. f4 Rd2 23. Rac1 Rhd8 24. Kf1 Bxe5 25. Rxe5 R8d5 26. Re2
c4 27. Rce1 Rxe2 28. Rxe2 b5 29. Kf2 Kf6 30. g4 a5 31. Ke3 g5 32. Ke4 gxf4 33.
Kxf4 Rd4+ 34. Re4 Rd2 35. h4 Rf2+ 36. Kg3 Rxc2 {White resigns} 0-1

[Event "Team 45 45 League T82"]
[Site "Internet Chess Club"]
[Date "2019.10.25"]
[Round "5"]
[White "tightfist"]
[Black "Gilguli"]
[Result "0-1"]
[WhiteElo "1409"]
[BlackElo "1365"]
[Opening "Queen's pawn game, Darooha variation "]
[ECO "D02"]
[Time "09:15:10"]
[TimeControl "2700+45"]

1. Nf3 Nf6 2. d4 d5 3. c3 Bf5 4. Bf4 e6 5. h3 Bd6 6. Be5 Nc6 7. Bxd6 cxd6 8. e3
Rc8 9. Bd3 Bxd3 10. Qxd3 Qb6 11. b3 Nb4 12. Qd1 Nc6 13. O-O O-O 14. Nbd2 Ne4 15.
Rc1 Qa5 16. Nxe4 dxe4 17. Nd2 d5 18. Rc2 Rc7 19. f3 exf3 20. b4 Qa4 21. Nxf3
Nxb4 22. Rc1 Qxd1 23. Rfxd1 Nxa2 24. Ra1 Nxc3 25. Rd2 b5 26. Ne5 Rfc8 27. Nd3
Ne4 28. Rdd1 Ra8 29. Ra6 Rc3 30. Kh2 Kf8 31. h4 Ke7 32. Kh3 Rxd3 33. Rda1 Rxe3+
34. Kh2 b4 35. Rxa7+ Rxa7 36. Rxa7+ Kf6 37. Rb7 b3 38. Rb4 Nd2 39. Kg1 Nc4 40.
Kf2 Re4 41. Rxb3 Rxd4 42. g3 Rd2+ 43. Kf3 Ne5+ 44. Kf4 Rf2+ 45. Ke3 Rf3+ {White
resigns} 0-1

[Event "Team 45 45 League T82"]
[Site "Internet Chess Club"]
[Date "2019.10.27"]
[Round "5"]
[White "CMAlge"]
[Black "kingphisch"]
[Result "0-1"]
[WhiteElo "1285"]
[BlackElo "1411"]
[Opening "Caro-Kann: classical variation"]
[ECO "B18"]
[Time "14:02:00"]
[TimeControl "2700+45"]

1. e4 c6 2. d4 d5 3. Nd2 dxe4 4. Nxe4 Bf5 5. Ng3 Bg6 6. N1e2 Nf6 7. Nf4 e6 8.
Nxg6 hxg6 9. Bg5 Qa5+ 10. Qd2 Qxd2+ 11. Bxd2 Nbd7 12. Be2 Bd6 13. O-O-O O-O-O
14. Bf3 Nd5 15. Ne4 Be7 16. Ng5 Rdf8 17. Rde1 Bb4 18. Bxd5 Bxd2+ 19. Kxd2 cxd5
20. Re3 Nf6 21. f3 Nh5 22. Nh3 Re8 23. g4 Nf6 24. Nf4 Nd7 25. Nd3 Nb6 26. b3 Nd7
27. Nc5 Nb8 28. Rc3 Nc6 29. Nd3 Re7 30. Ne5 Rc7 31. Nxc6 Rxc6 32. Rxc6+ bxc6 33.
a4 Kc7 34. c4 dxc4 35. bxc4 Rb8 36. Kc3 a5 37. c5 f6 38. f4 Rh8 39. h4 g5 40.
fxg5 fxg5 41. h5 Rf8 42. Rh3 Rf4 43. Rg3 Kd7 44. Kd3 Rf1 45. Ke4 Re1+ 46. Re3
Rxe3+ 47. Kxe3 Ke7 48. Ke4 Kf6 49. d5 exd5+ 50. Kd4 Ke6 51. Ke3 Ke5 52. Kd3 d4
53. Ke2 Kd5 54. Kd3 Kxc5 55. Ke4 Kc4 56. Kf5 d3 57. Kg6 d2 58. Kxg7 d1=Q 59. h6
Qh1 60. h7 Kd5 61. h8=Q Qxh8+ 62. Kxh8 c5 63. Kg7 c4 64. Kg6 c3 65. Kxg5 c2 66.
Kf6 c1=Q 67. g5 Qf1+ 68. Kg7 Qg1 69. g6 Kc4 70. Kh7 Qh2+ 71. Kg7 Kb4 72. Kg8
Kxa4 73. g7 Kb4 74. Kf8 Qg3 75. Kg8 a4 76. Kh7 a3 77. Kh8 a2 78. g8=Q Qxg8+ 79.
Kxg8 a1=Q {White resigns} 0-1

[Event "Team 45 45 League T82"]
[Site "Internet Chess Club"]
[Date "2019.10.26"]
[Round "5"]
[White "Gojira"]
[Black "JPSVI"]
[Result "0-1"]
[WhiteElo "1611"]
[BlackElo "1678"]
[Opening "Queen's pawn"]
[ECO "A40"]
[Time "12:32:00"]
[TimeControl "2700+45"]

1. d4 e6 2. Bf4 f5 3. e3 Nf6 4. Nf3 b6 5. Bd3 Bb7 6. Nbd2 Be7 7. Qe2 O-O 8. e4
fxe4 9. Nxe4 Nxe4 10. Bxe4 d5 11. Bxh7+ Kxh7 12. h4 Rxf4 13. Ng5+ Kg8 14. Qh5
Bxg5 15. hxg5 Nd7 16. g6 Re4+ 17. Kd2 Kf8 18. Qh8+ Ke7 19. Qxg7+ Kd6 20. Rh7 Nf6
21. Rh3 Rxd4+ 22. Kc3 Rc4+ 23. Kd2 Ne4+ 24. Ke3 Qg5+ 25. f4 Qf6 26. Qh6 Qd4+ 27.
Kf3 Qf2+ 28. Kg4 Nf6+ 29. Kg5 Qxf4# {White checkmated} 0-1